Description

Powerful build that skips T2 Tech to rush Ultralisks which are often the unit that allows zerg to pull the match back into their favor

Rely on Ling Bane Queen for defense until Ultras, lots of queens are powerful since they will be used for transfuse on the ultras in the Future. After getting Ultras, scout the terran for liberator production, if they are producing liberators get spire and produce corruptors.

With this build you need to focus on droning and Queen production in the early to mid-game. The faster you get to 75-80 drones the more Ultras you will be able to afford.

Since almost every Terran timing attack in the mid-game can be held with some combination of Queens, Zerlings and Banelings this build can often safely get to fast Ultras. The downside to this build is that it has little offensive potential until Ultralisks start hatching.

VOD

https://www.youtube.com/watch?v=uxfntemoLP4

Replay - 2017-11-15 - (Z)captainfail VS (T)Lokk

Build Order

Get SALT Encoding   

  12  0:01  Drone  Spend your larvae when a hatch hits 3 or more larvae bank
  13  0:12  Overlord  Do not build a queen right after an inject pops
  13  0:17  Drone   Do not build 2 overlords before drones.
  14  0:31  Drone x3   Only after you’ve built your drones, then build some overlords and queens.
  17  0:53  Hatchery  
  17  0:56  Drone x2  
  18  1:06  Extractor  
  17  1:15  Spawning Pool  
  17  1:17  Drone x2  
  18  1:30  Drone  
  19  1:40  Overlord  
  20  2:01  Queen x2  
  20  2:02  Zergling x4  
  26  2:09  Metabolic Boost  2-1-1 Reactor+Barracks, TL+Barracks+Factory+Starport.
  28  2:33  Hatchery  2-1-1 Marines hits: 5:00 follow 6:30
  33  2:55  Overlord  2 Reactor Factories 0x Starport +Armory = Hellbat Cyclone 4:30
  33  3:01  Queen  Starport + Tech Lab = Banshee @ 5:00
  36  3:10  Overlord  
  44  3:34  Queen  
  44  3:35  Overlord  
  48  3:49  Zergling x6  
  48  3:51  Queen x2  Scout : TLStarport+ Factory Reactor+ Armory + 4 Hellions = Hellbat Banshee timing
  59  4:13  Queen, Baneling Nest  
  60  4:31  Queen  
  72  4:50  Evolution Chamber x2  
  72  4:52  Zergling x10, Extractor x2  
  81  5:35  Zerg Ground Armor Level 1, Zerg Melee Weapons Level 1  
  88  5:39  Queen  
  88  5:42  Hatchery  
  92  5:59  Extractor  
  91  6:08  Baneling x8  
  99  6:15  Lair  
  99  6:16  Hatchery  
  99  6:17  Extractor  
  108  6:42  Hatchery  
  107  6:51  Extractor  
  107  6:53  Queen  
  125  7:21  Centrifical Hooks  
  125  7:30  Infestation Pit  -> Hive GOGO
Spawning Tool Build Advisor. Get it on Overwolf

Analysis

Potential Reactions to Ultralisk Counters Against Ghosts a few infestors for fungal growth is good since you already have the infestation pit for them. Hitting ghosts with a fungal entirely reduces their damage potential just be careful of your infestors losing energy to an emp. If they are going for mech you can make swarm hosts as a tier two unit and delay hive, switch to Hydra Viper or get early broodlords. Standard mech play should be scouted early on so you can respond to it in whichever way you feel most comfortable with. I would recommend not continuing this build however since Ultras aren’t as good against tanks, thors and liberators as they are against bio and units such as Hydralisks and Swarm hosts are important for defeating a mech player. Since you have such an early hive, you can make vipers to parasitic bomb medivacs, liberators and vikings or abduct/blinding cloud siege tanks. Vipers are a good unit to add to the composition once your hive tech has been started.

Go to:

Details

  • Created by: Psylockex
  • Published on: May 23, 2018
  • Modified on: May 23, 2018
  • Patch: 4.0.0
Show
View Real Time Build Order
Export as new Build Order

Comments (0)

There are no comments. Be the first!

Create an account to comment!